 Dungeon Crawl Stone Soup version 0.27-a0-972-gd1521fd518 (webtiles) character file.

Game seed: 4113283523858518359

74 siradein the Chopper (level 4, -6/38 HPs)
             Began as a Ghoul Fighter on Apr 13, 2021.
             Mangled by a scorpion (8 damage)
             ... on level 1 of the Dungeon.
             The game lasted 00:03:02 (1831 turns).

siradein the Chopper (Ghoul Fighter)                Turns: 1831, Time: 00:03:02

Health: -6/38      AC:  6    Str: 20    XL:     4   Next: 28%
Magic:  3/3        EV:  7    Int:  3    God:
Gold:   68         SH:  8    Dex:  8    Spells: 3/3 levels left

rFire    . . .     SeeInvis .   a - +0 war axe
rCold    + . .     Faith    .   c - +0 kite shield
rNeg     + + +     Spirit   .   b - +0 scale mail
rPois    ∞         Reflect  .   (no helmet)
rElec    .         Harm     .   (no cloak)
rCorr    +         Rampage  .   (no gloves)
Will     .....                  (no boots)
Stlth    ..........             (no amulet)
HPRegen  0.00/turn              f - ring of resist corrosion
MPRegen  0.08/turn              (no ring)

@: no status effects
A: claws 1, cold resistance 1, negative energy resistance 3, inhibited
regeneration, torment resistance 2, unbreathing 1
a: no special abilities


You were on level 1 of the Dungeon.
You visited 1 branch of the dungeon, and saw 2 of its levels.

You collected 68 gold pieces.

Inventory:

Hand Weapons
 a - a +0 war axe (weapon)
Armour
 b - a +0 scale mail (worn)
 c - a +0 kite shield (worn)
Jewellery
 f - a ring of resist corrosion (left claw)
 g - an amulet of magic regeneration
Scrolls
 e - a scroll of amnesia {unknown}
 i - a scroll of teleportation {unknown}
 l - a scroll of fog {unknown}
Potions
 d - a potion of might
 h - a potion of lignification {unknown}
 j - a potion of cancellation {unknown}
 k - 2 potions of curing {unknown}


   Skills:
 - Level 3.2 Fighting
 + Level 4.0 Axes
 - Level 2.6 Armour
 - Level 2.6 Shields


You had 3 spell levels left.
You didn't know any spells.
Your spell library was empty.

Dungeon Overview and Level Annotations

Branches:
Dungeon (2/15)

Altars:


Innate Abilities, Weirdness & Mutations

You thrive by killing the living.
You are immune to poison.
You have sharp fingernails.
Your flesh is cold resistant. (rC+)
You are immune to negative energy. (rN+++)
You do not regenerate when monsters are visible.
You are immune to unholy pain and torment.
You can survive without breathing.


Message History

The scorpion stings you.
You hit the scorpion.
The scorpion is lightly wounded.
The scorpion stings you. You block the scorpion's attack.
You hit the scorpion but do no damage.
The scorpion is lightly wounded.
You block the scorpion's attack. The scorpion stings you.
You hit the scorpion.
The scorpion is moderately wounded.
You block the scorpion's attack. The scorpion stings you.
You barely miss the scorpion.
The scorpion is moderately wounded.
The scorpion stings you but does no damage. x2
Your shield and scale mail prevent you from hitting the scorpion.
The scorpion is moderately wounded.
The scorpion stings you. The scorpion completely misses you.
You are too injured to fight recklessly!
You are too injured to fight recklessly!
You are too injured to fight recklessly!
You are too injured to fight recklessly!
You are too injured to fight recklessly!
You are too injured to fight recklessly!
The scorpion stings you.
* * * LOW HITPOINT WARNING * * *
Things that are here:
a +0 club; a kobold corpse
There is a stone staircase leading up here.
You block the scorpion's attack. x2
You climb upwards.
There is a stone staircase leading down here.
The scorpion closely misses you. You block the scorpion's attack.
The scorpion completely misses you. You block the scorpion's attack.
You block the scorpion's attack. You block the scorpion's attack.
The scorpion stings you!
* * * LOW HITPOINT WARNING * * *
You block the scorpion's attack. The scorpion stings you!
You die...

...###..# ........#
.##..#.## .##..#.#
####### ...#...#
#########...... #.#..###
#............## #.##.#
####.#####...#..## .....#
#.s..........#.... ...###
#@##.#####...#.##. ...#
#.##.#####.#.#.##. (..#
####.##.......#......
...#
#.......############.
...# ########.##.##.#####
#.
...###.........#.##.....#
#.
..........##.....##.....#
#.
[.........##............#
#.
.........###......#.....#
##.


You could see a scorpion.

Vanquished Creatures
  3 adders (D:2)
  2 worms (D:2)
  2 dart slugs
  4 endoplasms
  2 giant cockroaches (D:1)
  2 goblins (D:1)
  5 hobgoblins
  2 ball pythons
  5 bats
  4 frilled lizards (D:1)
  4 kobolds
  3 rats (D:2)
38 creatures vanquished.

Notes
Turn   | Place    | Note
-------+----------+-------------------------------------------
     0 | D:1      | siradein the Ghoul Fighter began the quest for the Orb.
     0 | D:1      | Reached XP level 1. HP: 19/19 MP: 0/0
   113 | D:1      | Reached skill level 2 in Axes
   216 | D:1      | Reached XP level 2. HP: 23/26 MP: 1/1
   879 | D:2      | Reached skill level 3 in Axes
   953 | D:2      | Reached XP level 3. HP: 31/31 MP: 2/2
  1378 | D:2      | Reached XP level 4. HP: 23/38 MP: 3/3
  1576 | D:2      | Reached skill level 4 in Axes
  1773 | D:2      | Noticed a scorpion
  1831 | D:1      | Mangled by a scorpion

Illustrated notes

Levels and vault maps discovered:
D:1:      dpeg_arrival_tiny_c, layout_loops_cross, corner_web_ring
D:2:      layout_loops_ring, uniq_crazy_yiuf_cottage

Skill      XL: |  1  2  3  4 |
---------------+-------------+-----
Axes           | 2 3 4 |  4.0
Fighting       | |  3.2
Armour         | |  2.6
Shields        | |  2.6

Action                   |  1- 3 |  4- 6 || total
-------------------------+-------+-------++-------
Melee: War axe           |   114 |    33 ||   147
Armor: Scale mail        |    52 |    15 ||    67
Dodge: Dodged            |    41 |    12 ||    53
Block: Kite shield       |    58 |    23 ||    81

Table legend: (Time is in decaauts)
 A = Elapsed time spent in this place.
 B = Non-inter-level travel time spent in this place.
 C = Inter-level travel time spent in this place.
 D = Time resting spent in this place.
 E = Time spent auto-exploring this place.
 F = Levels seen in this place.
 G = Mean time per level.
                   A        B        C        D        E       F      G
               +--------+--------+--------+--------+--------+-----+--------+
         Total |   1917 |   1867 |     50 |      0 |   1481 |   2 |  958.5 |
       Dungeon |   1917 |   1867 |     50 |      0 |   1481 |   2 |  958.5 |
               +--------+--------+--------+--------+--------+-----+--------+

Top non-repeatable levels by time:
     D:2: 1022 daAuts
     D:1: 894 daAuts
